Map: Abiogenesis LE

Players

fruitcake - Winner!

  • Race: Terran Terran
  • Spawn Location: 5:00

A.I. 1 (Hard)

  • Race: Protoss Protoss
  • Spawn Location: 11:00

VOD

Have the link to the VOD?

Description

Time

  • Played on: May 5, 2018, 1:16 p.m.
  • Length: 8:31
Show
View Real Time Build Order
Export as new Build Order

fruitcake Terran - Winner!

Build Orders:  

Get SALT Encoding   

  12  0:01  SCV  
  13  0:16  Supply Depot  
  13  0:18  SCV  
  14  0:25  Refinery  
  14  0:30  SCV  
  15  0:42  SCV  
  16  0:47  Barracks  
  16  0:54  SCV  
  17  1:06  SCV  
  18  1:15  Barracks  
  18  1:18  SCV  
  19  1:30  Supply Depot  
  20  1:34  Marine  
  21  1:42  Orbital Command  
  20  1:52  Marine  
  21  2:03  Barracks Reactor  
  21  2:06  Barracks  
  21  2:28  Barracks Tech Lab  
  21  2:34  Command Center  
  21  2:42  SCV  
  22  2:52  Marine x2  
  22  2:53  Marine, Marauder  
  22  2:55  SCV  
  28  3:01  Supply Depot  
  28  3:07  SCV  
  28  3:10  Marine  
  30  3:15  Marine  
  31  3:22  SCV  
  31  3:23  Marauder  
  35  3:28  Marine  
  35  3:32  Barracks Reactor  
  35  3:33  Marine  
  36  3:35  SCV  
  37  3:42  Supply Depot  
  37  3:44  Marine  
  37  3:46  Marine  
  37  3:47  Supply Depot  
  39  3:51  Marine  
  40  4:02  Marauder  
  42  4:03  Marine  
  42  4:08  Marine, Stimpack  
  44  4:16  Marine x2  
  46  4:18  SCV  
  46  4:21  Marine  
  46  4:23  Marine  
  49  4:26  Marine  
  49  4:28  SCV  
  51  4:34  Marine x2  
  53  4:39  Marine  
  53  4:40  SCV  
  53  4:41  Marauder  
  53  4:44  Marine  
  58  4:47  SCV  
  58  4:52  Marine x2, SCV  
  62  4:57  Marine  
  62  4:59  SCV  
  64  5:02  Marine, Marauder  
  64  5:04  SCV  
  68  5:09  Marine  
  68  5:10  Marine  
  70  5:21  Supply Depot  
  70  5:26  Engineering Bay  
  70  5:42  Supply Depot  
  70  5:43  Marine x4, Marauder  
  70  5:45  Supply Depot  
  76  6:01  Marine x2  
  76  6:03  Marine x2  
  76  6:04  SCV  
  81  6:05  Marauder  
  81  6:10  Supply Depot x2  
  83  6:13  SCV  
  83  6:16  SCV  
  85  6:18  Marine x2  
  85  6:21  Marine x2  
  88  6:26  Marauder  
  88  6:28  SCV  
  87  6:36  Marine x2  
  87  6:39  Marine x2  
  81  6:47  Marauder  
  83  6:54  Marine x2  
  83  6:57  Marine x2  
  87  7:06  Refinery  
  87  7:09  Marauder  
  87  7:12  Marine x2  
  87  7:15  Marine x2  
  93  7:19  Supply Depot  
  93  7:20  Concussive Shells  
  93  7:21  Supply Depot  
  93  7:30  Marine x2, Marauder  
  93  7:32  Marine x2  
  88  7:47  Marine x2  
  88  7:50  Marine x2  
  90  7:52  Marauder  
  91  8:05  Marine x2  
  91  8:08  Marine x2  
Show
View Real Time Build Order
Export as new Build Order

A.I. 1 (Hard) Protoss 

Build Orders:  

Get SALT Encoding   

  12  0:00  Probe  
  13  0:13  Probe  
  14  0:19  Pylon  
  14  0:25  Probe  
  15  0:33  Probe  
  15  0:40  Gateway  
  15  0:41  Probe  
  16  0:47  Assimilator  
  17  0:51  Probe  
  18  0:58  Pylon  
  18  0:59  Probe  
  19  1:22  Probe  
  20  1:29  Zealot  
  20  1:30  Cybernetics Core  
  22  1:44  Gateway  
  22  1:47  Assimilator  
  22  1:59  Stalker  
  22  2:03  Pylon  
  22  2:15  Warp Gate  
  24  2:29  Stalker  
  26  2:41  Zealot  
  28  2:47  Pylon  
  28  2:59  Stalker  
  30  3:10  Stalker  
  32  3:18  Probe  
  33  3:22  Pylon  
  33  3:29  Stalker  
  33  3:30  Probe  
  36  3:41  Adept  
  38  3:42  Probe  
  39  3:50  Forge  
  39  3:54  Probe  
  40  3:59  Stalker  
  42  4:04  Probe  
  43  4:12  Probe  
  43  4:16  Adept  
  45  6:22  Sentry  
  45  6:24  Gateway  
  47  6:25  Robotics Facility  
  47  6:27  Twilight Council  
  47  6:30  Pylon  
  47  6:31  Photon Cannon, Probe, Nexus  
  47  6:32  Adept  
  47  6:34  Photon Cannon  
  47  6:38  Stargate  
  45  6:40  Forge  
  45  6:42  Adept  
  43  6:52  Sentry  
  45  7:02  Zealot  
  47  7:13  Observer  
  48  7:15  Zealot  
  50  7:25  Adept  
  52  7:34  Observer  
  52  7:35  Stalker  
  35  7:44  Probe  
  35  7:45  Adept  
  35  7:50  Probe  
  25  7:55  Zealot  
  25  7:56  Probe  
  23  8:02  Probe  
  10  8:14  Probe  
  10  8:15  Stalker  
Tags
 
Add a new tag
Caveats
  • Supply blocks, unpowered buildings, or Contaminate may cause inaccurate times.
  • Supply counts are checked every 10 seconds.